 Dungeon Crawl Stone Soup version 0.30-a0-1066-g63dfefce0d (webtiles) character file.

Game seed: 5607233369067173546

4 jasper the Conjurer (level 1, -1/13 HPs)
             Began as a Demonspawn Conjurer on Apr 12, 2023.
             Slain by a hound (3 damage)
             ... on level 4 of the Dungeon.
             The game lasted 00:00:43 (491 turns).

jasper the Conjurer (Demonspawn Conjurer)            Turns: 491, Time: 00:00:45

Health: -1/13      AC:  2    Str:  7    XL:     1   Next: 58%
Magic:  0/3        EV: 12    Int: 19    God:
Gold:   59         SH:  0    Dex: 11    Spells: 3/4 levels left

rFire   . . .      SeeInvis .    f - +0 spear (flame)
rCold   . . .      Faith    .    (no shield)
rNeg    . . .      Spirit   .    a - +0 robe
rPois   .          Reflect  .    (no helmet)
rElec   .          Rampage  .    (no cloak)
rCorr   .                        (no gloves)
Will    .....                    (no boots)
Stlth   ++                       (no amulet)
HPRegen 0.22/turn                (no ring)
MPRegen 0.08/turn                (no ring)

@: mighty
A: no striking features
a: no special abilities


You were on level 4 of the Dungeon.
You visited 1 branch of the dungeon, and saw 4 of its levels.

You collected 59 gold pieces.

Inventory:

Hand Weapons
 d - a +0 short sword
 f - a +0 spear of flaming (weapon)
Armour
 a - a +0 robe (worn)
Scrolls
 e - 3 scrolls of amnesia {unknown}
 g - a scroll of brand weapon {unknown}
Potions
 b - a potion of magic
 c - a potion of might
 h - a potion of attraction {unknown}


   Skills:
 - Level 1.7 Dodging
 - Level 1.7 Stealth
 + Level 2.2 Spellcasting
 + Level 4.1 Conjurations


You had 3 spell levels left.
You knew the following spells:

 Your Spells              Type           Power      Damage    Failure   Level
a - Magic Dart            Conj           68%        1d6       3%          1

Your spell library contained the following spells:

 Spells                   Type           Power      Damage    Failure   Level
 Searing Ray              Conj           34%        2d5       4%          2
 Dazzling Flash           Conj/Hex       18%        N/A       22%         3
 Fulminant Prism          Conj/Hex       4%         3d5       56%         4
 Iskenderun's Mystic Bla  Conj/Tloc      9%         2d4       56%         4


Dungeon Overview and Level Annotations

Branches:
Dungeon (4/15)
 Temple: D:4-7

Altars:


Message History

You now have 2/3 mp.
Aiming: Magic Dart (safe; 3% risk of failure)
Press: ? - help, Q - select action Shift-Dir - straight line, f/p - hound
Aim: a hound (moderately wounded, 100% to hit)
The magic dart hits the hound but does no damage.
The hound is moderately wounded.
The hound barely misses you.
You now have 1/3 mp.
Aiming: Magic Dart (safe; 3% risk of failure)
Press: ? - help, Q - select action Shift-Dir - straight line, f/p - hound
Aim: a hound (moderately wounded, 100% to hit)
The magic dart hits the hound.
The hound is heavily wounded.
The hound bites you. x2
You take 7 damage, and have 6/13 hp.
MASSIVE DAMAGE!!
You now have 0/3 mp.
You miss the hound.
The hound is heavily wounded.
The hound bites you. The hound bites you but does no damage.
You take 2 damage, and have 4/13 hp.
You closely miss the hound. Your punch misses the hound.
The hound is heavily wounded.
The hound closely misses you.
You hit the hound but do no damage.
The hound is heavily wounded.
The hound closely misses you. x2
You hit the hound but do no damage.
The hound is heavily wounded.
The hound misses you. The hound bites you but does no damage.
Aiming: Magic Dart (safe; 3% risk of failure)
Press: ? - help, Q - select action Shift-Dir - straight line, f/p - hound
Aim: a hound (heavily wounded, 100% to hit)
The magic dart hits the hound.
The hound is severely wounded.
The hound bites you.
* * * LOW HITPOINT WARNING * * *
You take 3 damage, and have 2/13 hp.
MASSIVE DAMAGE!!
You now have 0/3 mp.
It was a potion of might.
You feel very mighty all of a sudden. The hound completely misses you.
The hound bites you.
You die...

........†....#.#.
........<....#...
#..............#
...#...........#
###..###...##
.##..........#
..........#...#
...###....###..##
.. ###.@......# .
##h......# ..#
##.#..#..#
.....##.....# ##
.........#......
........###....#
........# #####
....##### ....


You could see a hound.

Vanquished Creatures
  A goblin (D:3)
  A hobgoblin (D:4)
  A ball python (D:3)
  A kobold (D:3)
  A rat (D:3)
5 creatures vanquished.

Notes
Turn   | Place    | Note
-------+----------+-------------------------------------------
     0 | D:1      | jasper the Demonspawn Conjurer began the quest for the Orb.
     0 | D:1      | Reached XP level 1. HP: 13/13 MP: 3/3
   477 | D:4      | Noticed a hound
   491 | D:4      | Slain by a hound

Illustrated notes

Levels and vault maps discovered:
D:1:      dpeg_arrival_pits, layout_loops_ring, grunt_decor_cap, minmay_tall_x
D:2:      layout_basic, serial_shops, nicolae_shop_bloodbath_and_beyond,
          minivault_11, minmay_randomly_rotated_circles
D:3:      layout_basic, kennysheep_small_spiral, nicolae_eternal_life,
          minivault_23, grunt_ministairs_15
D:4:      layout_cave_pools

Action                     || total
---------------------------++-------
  Melee: Spear             ||     6
         Punch             ||     1
   Cast: Magic Dart        ||    11
    Use: Potion            ||     1
 Armour: Robe              ||     2
  Dodge: Dodged            ||     8

Table legend: (Time is in decaauts)
 A = Elapsed time spent in this place.
 B = Non-inter-level travel time spent in this place.
 C = Inter-level travel time spent in this place.
 D = Time resting spent in this place.
 E = Time spent auto-exploring this place.
 F = Levels seen in this place.
 G = Mean time per level.
                   A        B        C        D        E       F      G
               +--------+--------+--------+--------+--------+-----+--------+
         Total |    489 |    474 |     15 |     32 |    384 |   4 |  122.2 |
       Dungeon |    489 |    474 |     15 |     32 |    384 |   4 |  122.2 |
               +--------+--------+--------+--------+--------+-----+--------+

Top non-repeatable levels by time:
     D:2: 278 daAuts
     D:3: 144 daAuts
     D:4: 64 daAuts
     D:1: 2 daAuts
